 Dungeon Crawl Stone Soup version 0.16.2-2-g470672f (webtiles) character file.

3397 Enish the Bludgeoner (level 10, -9/88 HPs)
             Began as an Ogre Venom Mage on Aug 28, 2015.
             Was a Believer of Qazlal.
             Mangled by an orc warrior
             ... wielding a +0 flail
              (18 damage)
             ... on level 9 of the Dungeon.
             The game lasted 00:41:26 (13469 turns).

Enish the Bludgeoner (Ogre Venom Mage)             Turns: 13469, Time: 00:41:26

Health: -9/88      AC:  7    Str: 17    XL:     10   Next: 4%
Magic:  20/20      EV: 10    Int: 15    God:    Qazlal [**....]
Gold:   454        SH:  2    Dex: 10    Spells: 2 memorised, 13 levels left

rFire  . . .     SeeInvis .     x - +0 hand axe (chop)
rCold  + . .     Clarity  .     g - +0 robe
rNeg   . . .     SustAb   .     (shield restricted)
rPois  +         Gourm    .     (helmet restricted)
rElec  .         Spirit   .     C - +0 cloak
rCorr  .         Warding  .     (gloves unavailable)
rMut   .         Stasis   .     (boots unavailable)
MR     +....                    (no amulet)
Stlth  +.........               (no ring)
                                z - +3 ring of protection

@: somewhat resistant to hostile enchantments, very unstealthy
A: unfitting armour, cold resistance 1, frail 1, poison resistance, tough skin 1
a: Upheaval, Renounce Religion


You were on level 9 of the Dungeon.
You worshipped Qazlal.
Qazlal was pleased with you.
You were hungry.

You visited 2 branches of the dungeon, and saw 10 of its levels.

You collected 454 gold pieces.

Inventory:

Hand weapons
 o - a +0 morningstar
 x - a +0 hand axe of chopping (weapon)
 G - a +0 dire flail
 H - a +1 mace of crushing
 I - a +0 giant club
Missiles
 d - 7 needles of confusion
Armour
 g - a +0 robe (worn)
 C - a +0 cloak (worn)
Jewellery
 t - an uncursed ring of teleportation
 z - a +3 ring of protection (left hand)
Magical devices
 m - a wand of digging (2)
 q - a wand of teleportation (0)
 s - a wand of digging (6)
 v - a wand of random effects (26)
Scrolls
 h - a scroll of random uselessness
 l - 3 scrolls of enchant armour
 r - 4 scrolls of remove curse
 y - a scroll of blinking
 D - a scroll of recharging
 F - a scroll of amnesia
Potions
 a - a potion of resistance
 e - a potion of invisibility
 i - a potion of lignification
 k - 2 potions of brilliance
 n - a potion of agility
 p - a potion of magic
 A - a potion of cancellation
 E - a potion of restore abilities {unknown}
 J - a potion of berserk rage
Books
 b - a Young Poisoner's Handbook

   Spells                             Type                      Level
   a - Sting                          Conjuration/Poison           1
   b - Cure Poison                    Poison                       2
   c - Mephitic Cloud                 Conjuration/Poison/Air       3
   d - Olgreb's Toxic Radiance        Poison                       4
   e - Venom Bolt                     Conjuration/Poison           5
 f - a book of Annihilations {highlevel, unknown}

   This book is beyond your current level of understanding.

   Spells                             Type                      Level
   a - Poison Arrow                   Conjuration/Poison           6
   b - Chain Lightning                Conjuration/Air              8
   c - Lehudib's Crystal Spear        Conjuration/Earth            8
   d - Glaciate                       Conjuration/Ice              9
   e - Fire Storm                     Conjuration/Fire             9
Comestibles
 c - 6 meat rations
 j - 2 beef jerkies
 u - 2 fruits
 w - 3 bread rations


   Skills:
 - Level 6.3 Fighting
 * Level 15.3 Maces & Flails
 - Level 1.7 Dodging
 - Level 1.5 Stealth
 - Level 4.0 Spellcasting
 - Level 3.0 Poison Magic


You had 13 spell levels left.
You knew the following spells:

 Your Spells              Type           Power        Failure   Level  Hunger
a - Sting                 Conj/Pois      #...         12%         1    None
b - Mephitic Cloud        Conj/Pois/Air  #.......     34%         3    ###....


Dungeon Overview and Level Annotations

Branches:
Dungeon (9/15)             Temple (1/1) D:5             Orc (0/4) D:9
   Lair: D:8-11

Altars:
Ashenzari
Cheibriados
Dithmenos
Elyvilon
Fedhas
Gozag
Kikubaaqudgha
Makhleb
Nemelex Xobeh
Okawaru
Qazlal
Ru
Sif Muna
Trog
Vehumet
Xom
Yredelemnul
Zin
The Shining One

Shops:
D:5 }


Innate Abilities, Weirdness & Mutations

You are too large for most types of armour.
You have tough skin (AC +1).
Your flesh is cold resistant.
You are frail (-10% HP).
Your system is resistant to poisons.


Message History

* * * LOW HITPOINT WARNING * * *
You barely miss the orc warrior.
The orc warrior is heavily wounded.
The orc warrior closely misses you.
You closely miss the orc warrior.
The orc warrior is heavily wounded.
You slash the orc warrior!
The orc warrior is severely wounded.
The orc warrior hits you with a flail!
* * * LOW HITPOINT WARNING * * *
Drink which item? (? for menu, Esc to quit)
It was a potion of magic.
Magic courses through your body.
You hit the orc warrior.
The orc warrior is severely wounded.
The orc warrior closely misses you.
You hit the orc warrior but do no damage.
The orc warrior is severely wounded.
You closely miss the orc. The orc hits you but does no damage.
The orc warrior hits you with a flail!!
You die...

#....#########..........
#.......................#
#............................
#..............................
#.............................
#.......#####................#
#.......#...######...........#
#.......#........#.........(.#
#.......#......o@#...........+
........#?.....§o#...........#
........#........'o..........#
........#........#...........#
........##########....###....#
......................# ####.#
........(.............# #.####
......................# #.....
............########..# #.....


You could see an orc warrior and an orc.

Vanquished Creatures
  A hungry ghost (D:7)
  Eustachio (D:6)
  3 yaks
  A black bear (D:9)
  5 orc warriors
  3 ice beasts
  A centaur (D:5)
  An ogre (D:8)
  4 giant frogs
  A big kobold (D:7)
  A wyvern skeleton (D:6)
  2 scorpions
  A goliath beetle (D:6)
  A centaur zombie (D:5)
  A giant frog zombie (D:6)
  2 hounds
  7 orc priests
  A crimson imp (D:6)
  3 iguanas
  3 orc wizards
  2 giant frog skeletons
  4 worker ants
  A killer bee zombie (D:9)
  Jessica (D:2)
  Terence (D:2)
  A hound skeleton (D:5)
  16 adders
  A worker ant zombie (D:9)
  A giant mite (D:1)
  3 shadow imps
  5 worms
  An adder skeleton (D:4)
  8 giant geckos
  An ooze (D:6)
  45 orcs
  23 bats
  2 bat skeletons (D:7)
  6 giant cockroaches
  11 goblins
  12 hobgoblins
  10 jackals
  3 quokkas
  3 ball pythons
  A giant gecko skeleton (D:4)
  5 giant newts
  24 kobolds
  A quokka zombie (D:5)
  13 rats
  9 ballistomycetes
257 creatures vanquished.

Vanquished Creatures (others)
  A kobold (D:7)
  3 giant spores
  A plant (D:3)
5 creatures vanquished.

Grand Total: 262 creatures vanquished

Notes
Turn   | Place    | Note
--------------------------------------------------------------
     0 | D:1      | Enish, the Ogre Venom Mage, began the quest for the Orb.
     0 | D:1      | Reached XP level 1. HP: 16/16 MP: 3/3
    38 | D:1      | Reached skill level 3 in Poison Magic
   284 | D:1      | Found a glowing golden altar of the Shining One.
   466 | D:1      | Reached skill level 1 in Maces & Flails
   466 | D:1      | Reached XP level 2. HP: 21/24 MP: 5/5
  1249 | D:1      | Reached XP level 3. HP: 31/31 MP: 0/8
  1576 | D:2      | Learned a level 3 spell: Mephitic Cloud
  1620 | D:2      | Noticed Jessica
  1629 | D:2      | Killed Jessica
  1675 | D:2      | Reached XP level 4. HP: 23/39 MP: 6/10
  2245 | D:2      | Reached skill level 4 in Maces & Flails
  2405 | D:2      | Noticed Terence
  2440 | D:2      | Killed Terence
  2440 | D:2      | Reached XP level 5. HP: 43/46 MP: 8/13
  2466 | D:2      | Reached skill level 1 in Fighting
  3110 | D:3      | Reached skill level 5 in Maces & Flails
  3564 | D:2      | Gained mutation: You are frail (-10% HP). [potion of mutation]
  3564 | D:2      | Gained mutation: You have a somewhat thin skeletal structure (Dex +2, Stealth). [potion of mutation]
  3564 | D:2      | Gained mutation: Your flesh is cold resistant. [potion of mutation]
  3565 | D:2      | Gained mutation: Your system is resistant to poisons. [potion of mutation]
  3565 | D:2      | Lost mutation: You have a somewhat thin skeletal structure (Dex +2, Stealth). [potion of mutation]
  4172 | D:3      | Reached XP level 6. HP: 42/51 MP: 13/15
  4437 | D:3      | Reached skill level 6 in Maces & Flails
  5093 | D:4      | Found a sparkling altar of Nemelex Xobeh.
  5682 | D:4      | Reached skill level 7 in Maces & Flails
  5682 | D:4      | Reached XP level 7. HP: 48/61 MP: 17/17
  5824 | D:5      | Entered Level 5 of the Dungeon
  5949 | D:5      | Found a staircase to the Ecumenical Temple.
  5960 | Temple   | Entered the Ecumenical Temple
  6007 | Temple   | Became a worshipper of Qazlal Stormbringer
  6474 | D:5      | Found a white marble altar of Elyvilon.
  6615 | D:5      | Found Ijeuklantes' Gadget Shoppe.
  7052 | D:6      | Noticed Eustachio
  7301 | D:7      | Reached skill level 8 in Maces & Flails
  7415 | D:7      | HP: 1/63 [sky beast (6)]
  7433 | D:5      | HP: 3/63 [sky beast (6)]
  7893 | D:5      | Reached skill level 5 in Fighting
  8507 | D:6      | Reached skill level 9 in Maces & Flails
  8507 | D:6      | Reached XP level 8. HP: 69/72 MP: 18/18
  8763 | D:6      | Killed Eustachio
  8811 | D:6      | Reached skill level 10 in Maces & Flails
 10222 | D:7      | Reached skill level 11 in Maces & Flails
 10529 | D:7      | Reached skill level 12 in Maces & Flails
 10529 | D:7      | Reached XP level 9. HP: 80/80 MP: 15/19
 10535 | D:7      | Acquired Qazlal's first power
 11622 | D:8      | Reached skill level 13 in Maces & Flails
 11729 | D:8      | Found a deep blue altar of Sif Muna.
 12555 | D:9      | Reached skill level 14 in Maces & Flails
 13025 | D:9      | Reached skill level 15 in Maces & Flails
 13025 | D:9      | Reached XP level 10. HP: 79/88 MP: 20/20
 13104 | D:9      | Acquired Qazlal's second power
 13321 | D:9      | Found a staircase to the Orcish Mines.
 13469 | D:9      | Mangled by an orc warrior

Action                   |  1- 3 |  4- 6 |  7- 9 | 10-12 || total
-------------------------+-------+-------+-------+-------++-------
Melee: Club              |    88 |    55 |       |       ||   143
       Unarmed           |     8 |       |       |       ||     8
       Hand axe          |       |   109 |     9 |    10 ||   128
       Morningstar       |       |    99 |   269 |       ||   368
       Flail             |       |    20 |   103 |       ||   123
       Giant club        |       |       |    27 |     9 ||    36
       Dire flail        |       |       |    24 |       ||    24
       Mace              |       |       |       |    51 ||    51
 Cast: Sting             |    44 |   111 |   100 |       ||   255
Evoke: Wand              |       |     1 |     3 |       ||     4
  Use: Scroll            |       |    12 |     9 |     1 ||    22
       Potion            |       |     8 |     3 |     1 ||    12
 Stab: Sleeping          |       |       |     1 |       ||     1
  Eat: Chunk             |     3 |    12 |    17 |     1 ||    33
       Beef jerky        |       |     1 |     1 |       ||     2
       Bread ration      |       |       |     1 |       ||     1
       Fruit             |       |       |     1 |     1 ||     2
